AoeStats
← die trying

Arabian Desert

509746720Analyzed
1v1 RM · 4d ago on Sep 27, 2026· 24m 12s· 2 players
Game mode
Random Map
Map size
Tiny (2 player)
Population
200
Speed
Normal
Resources
Standard
Victory
Conquest
Starting age
Dark Age
Ending age
Imperial Age
RankedLock teamsTeams togetherTeam positionsShared explorationLock speedFull tech treeHidden civsTurbo modeCheats
Victory
Defeat
🇧🇷 Burgundians · Brazil
1835
+21
🇨🇱 Mongols · Chile
1943
-21
die trying
6:15 Loom
8:11 Feudal Age
8:25 Man-at-Arms
13:37 Fletching
16:18 Double-Bit Axe
17:11 Padded Archer Armor
22:31 Castle Age
21:30 Padded Archer Armor
22:16 Bloodlines
23:18 Husbandry
23:19 Bodkin Arrow
24:37 Scale Barding Armor
Voxer El Brazilian
4:37 Double-Bit Axe
6:31 Loom
8:50 Feudal Age
11:24 Bow Saw
12:15 Horse Collar
17:57 Arson
22:33 Castle Age
21:22 Heavy Plow
21:13 Gold Mining
21:49 Fletching
22:19 Padded Archer Armor
22:45 Elite Skirmisher
23:21 Bodkin Arrow
24:06 Scale Mail Armor
Connection lost

Rejoining the realm…

Still unreachable

The connection could not be restored.

Session expired

The server has moved on; the page needs a fresh start.